 Dungeon Crawl Stone Soup version 0.23.2-40-g277498a001 (webtiles) character file.

Game seed: 10830884096979823831

432 Otamono the Covered (level 7, 0/54 HPs)
             Began as a Human Fighter on Oct 8, 2019.
             Killed from afar by an orc wizard (1 damage)
             ... with a magic dart
             ... on level 3 of the Dungeon.
             The game lasted 00:29:17 (4245 turns).

Otamono the Covered (Human Fighter)                 Turns: 4245, Time: 00:29:18

Health: 0/54       AC: 12    Str: 23    XL:     7   Next: 20%
Magic:  7/7        EV:  6    Int:  9    God:
Gold:   186        SH: 10    Dex: 12    Spells: 6/6 levels left

rFire    . . .     SeeInvis .   a - +0 long sword
rCold    . . .     Gourm    .   c - +0 shield
rNeg     . . .     Faith    .   D - +0 chain mail
rPois    .         Spirit   .   (no helmet)
rElec    .         Reflect  .   (no cloak)
rCorr    .         Harm     .   x - +2 pair of gloves
MR       .....                  (no boots)
Stlth    ..........             (no amulet)
HPRegen  0.18/turn              (no ring)
MPRegen  0.10/turn              (no ring)

@: mighty, lethally poisoned (0 -> -31)
A: no striking features
a: no special abilities


You were on level 3 of the Dungeon.
You were hungry.

You visited 1 branch of the dungeon, and saw 3 of its levels.

You collected 186 gold pieces.

Inventory:

Hand Weapons
 a - a +0 long sword (weapon)
 g - a +0 club
 h - a +0 hunting sling
 p - a +0 halberd
 r - a +1 hunting sling of flaming
 E - a +0 whip
 G - a +0 scythe
Missiles
 y - 47 arrows (quivered)
 z - 19 sling bullets
 C - 44 poisoned needles
Armour
 b - a +0 scale mail
 c - a +0 shield (worn)
 m - a +0 scale mail
 n - a +0 robe
 t - a +0 robe
 x - a +2 pair of gloves (worn)
 D - a +0 chain mail (worn)
 F - a +0 pair of gloves
Scrolls
 e - 2 scrolls of teleportation {unknown}
 j - 2 scrolls of immolation {unknown}
 k - 5 scrolls of identify {unknown}
 l - 2 scrolls of enchant armour {unknown}
 v - a scroll of magic mapping {unknown}
 w - 4 scrolls of remove curse {unknown}
Potions
 i - 3 potions of haste {unknown}
 o - a potion of ambrosia {unknown}
 q - a potion of invisibility {unknown}
 s - 2 potions of curing {unknown}
 u - a potion of cancellation {unknown}
 A - a potion of degeneration {unknown}
 B - a potion of mutation {unknown}
Comestibles
 f - 5 rations
 H - 4 chunks of flesh


   Skills:
 + Level 4.2 Fighting
 + Level 4.5 Long Blades
 + Level 4.5 Armour
 + Level 1.2 Dodging
 + Level 0.4 Stealth
 + Level 3.9 Shields


You had 6 spell levels left.
You didn't know any spells.
Your spell library contained the following spells:

 Spells                   Type           Power        Failure   Level  Hunger
 Confusing Touch          Hex            #.....       100%        1    ##.....
 Confuse                  Hex            #.......     100%        3    ####...
 Gell's Gravitas          Tloc           #.........   100%        3    ####...
 Petrify                  Tmut/Erth      #.......     100%        4    #####..
 Metabolic Englaciation   Hex/Ice        #.........   100%        5    ######.
 Yara's Violent Unravell  Hex/Tmut       #.........   100%        5    ######.


Dungeon Overview and Level Annotations

Branches:
Dungeon (3/15)

Altars:
Fedhas


Message History

The orc wizard is severely wounded.
You feel very sick.
The orc wizard gestures at you while chanting.
The puff of flame hits you!
* * * LOW HITPOINT WARNING * * *
You block the orc's attack. The orc hits you but does no damage.
The orc wizard gestures at you while chanting.
The puff of flame hits you but does no damage.
You feel very mighty all of a sudden.
* * * LOW HITPOINT WARNING * * *
You feel very sick. You block the orc's attack.
The orc wizard casts a spell at you.
The magic dart hits you but does no damage.
The orc hits you but does no damage.
* * * LOW HITPOINT WARNING * * *
You feel very sick.
The orc wizard points at you and mumbles some strange words.
The magic dart hits you.
You die...

....# #....# #.# #..........#
....# #....# #.# #..........#
....# #....###÷#####..........#
....#####........#......oo.......
....##>..........).......o......#
....##'###.......#.##............
..............##o#[##.#+###.##..o
.........÷.......oo##.# #......
#............###@####.# #.##...
#................# #?# #.##...
#...........###### #.. #.##...
#..).......... ... .......
#........)..### ### .###...
..######.#### #... ### .... #^..
# .... # ...


You could see an orc wizard and 2 orcs.

Vanquished Creatures
  Sigmund (D:3)
  2 orc wizards (D:3)
  10 gnolls
  4 adders
  2 oozes
  3 worms
  2 dart slugs
  2 leopard geckos
  7 orcs (D:3)
  4 goblins
  9 hobgoblins
  2 quokkas (D:3)
  7 bats
  2 frilled lizards (D:1)
  6 kobolds
  3 rats
66 creatures vanquished.

Notes
Turn   | Place    | Note
-------+----------+-------------------------------------------
     0 | D:1      | Otamono the Human Fighter began the quest for the Orb.
     0 | D:1      | Reached XP level 1. HP: 18/18 MP: 1/1
    65 | D:1      | Reached XP level 2. HP: 15/24 MP: 2/2
   470 | D:1      | Reached XP level 3. HP: 29/29 MP: 3/3
  1478 | D:2      | Reached XP level 4. HP: 29/35 MP: 4/4
  2025 | D:2      | Found a blossoming altar of Fedhas.
  2570 | D:2      | Reached XP level 5. HP: 41/41 MP: 5/5
  3504 | D:3      | Reached XP level 6. HP: 40/48 MP: 6/6
  3783 | D:3      | Noticed Sigmund
  3867 | D:3      | Killed Sigmund
  3867 | D:3      | Reached skill level 1 in Dodging
  3867 | D:3      | Reached XP level 7. HP: 23/54 MP: 7/7
  4245 | D:3      | HP: 1/54 [poisoned by an orc wizard]
  4245 | D:3      | Killed from afar by an orc wizard

Skill      XL: |  1  2  3  4  5  6 |
---------------+-------------------+-----
Long Blades    | 3 4 |  4.5
Armour         | 4 |  4.5
Fighting       | 4 |  4.2
Dodging        | 1 |  1.2
Stealth        | |  0.4
Shields        | |  3.9

Action                   |  1- 3 |  4- 6 |  7- 9 || total
-------------------------+-------+-------+-------++-------
Melee: Long sword        |    84 |   147 |    26 ||   257
  Use: Potion            |       |       |     2 ||     2
  Eat: Chunk             |       |     6 |     1 ||     7
       Ration            |       |     1 |       ||     1
Armor: Scale mail        |    24 |    38 |       ||    62
       Chain mail        |       |    28 |    39 ||    67
       Skin              |       |    13 |       ||    13
Dodge: Dodged            |    30 |    65 |     6 ||   101
Block: Shield            |    31 |    96 |    32 ||   159
       Rpst.: Long sword |    11 |    15 |     3 ||    29
